 Dungeon Sprint DCSS version 0.19-a0-1937-g70ed36a (webtiles) character file.

2 LORDOFBUTT the Sneak (level 1, 0/9 HPs)
             Began as a Spriggan Enchanter on Oct 26, 2016.
             Was an Initiate of Dithmenos.
             Slain by a jackal (1 damage)
             ... while paralysed by a floating eye
             ... in the Dungeon (Sprint VII: "The Pits").
             The game lasted 00:00:43 (130 turns).

LORDOFBUTT the Sneak (Spriggan Enchanter)            Turns: 130, Time: 00:00:44

Health: 0/9        AC:  3    Str:  4    XL:     1   Next: 33%
Magic:  5/5        EV:  4    Int: 16    God:    Dithmenos [......]
Gold:   0          SH:  0    Dex: 16    Spells: 1 memorised, 5 levels left

rFire  . . .     SeeInvis +     a - +1 dagger
rCold  . . .     Gourm    .     b - +1 robe
rNeg   . . .     Faith    .     (shield restricted)
rPois  .         Spirit   .     (helmet restricted)
rElec  .         Reflect  .     (no cloak)
rCorr  .         Harm     .     (gloves unavailable)
MR     .....     NoTele   +     (boots unavailable)
Stlth  +++.......               (no amulet)
                                (no ring)
                                (no ring)

@: paralysed, very quick
A: unfitting armour, see invisible, herbivore 3, speed 3, slow metabolism 2
a: Renounce Religion


You were in the Dungeon.
You worshipped Dithmenos.
Dithmenos was noncommittal.
You were not hungry.

You visited 1 branch

Inventory:

Hand Weapons
 a - a +1 dagger (weapon)
 k - a +2 dagger
Armour
 b - a +1 robe (worn)
Scrolls
 j - a scroll of blinking
 m - 3 scrolls of remove curse
 n - 5 scrolls of amnesia
 o - a scroll of summoning
Potions
 e - a potion of curing
 f - a potion of heal wounds
 g - a potion of haste
 h - 4 potions of magic
 i - 3 potions of berserk rage
 l - 2 potions of invisibility
Books
 c - a book of Maledictions

   Spells                             Type                      Level
   a - Corona                         Hexes                        1
   b - Ensorcelled Hibernation        Hexes/Ice                    2
   c - Confuse                        Hexes                        3
   d - Tukima's Dance                 Hexes                        3
   e - Dazzling Spray                 Conjuration/Hexes            3
Comestibles
 d - 8 bread rations
 p - 40 fruits


   Skills:
 - Level 1.1 Short Blades
 - Level 3.0 Dodging
 + Level 5.1 Stealth
 + Level 3.2 Spellcasting
 + Level 4.1 Hexes


You had 5 spell levels left.
You knew the following spells:

 Your Spells              Type           Power        Failure   Level  Hunger
a - Corona                Hex            ###....      4%          1    None


Dungeon Overview and Level Annotations

Branches:
Dungeon (1/1)

Altars:
Ashenzari
Cheibriados
Dithmenos
Elyvilon
Fedhas
Gozag
Hepliaklqana
Kikubaaqudgha
Makhleb
Nemelex Xobeh
Okawaru
Qazlal
Ru
Sif Muna
Trog
Uskayaw
Vehumet
Xom
Yredelemnul
Zin
The Shining One
Beogh
Jiyva
Lugonu


Innate Abilities, Weirdness & Mutations

You are very small and have problems with some larger weapons.
You are too small for most types of armour.
You have supernaturally acute eyesight. (SInv)
You are a herbivore.
You cover ground extremely quickly.
You need consume almost no food.


Message History

The jackal barely misses you. The jackal misses you.
The jackal bites you but does no damage.
You hit the jackal but do no damage.
The jackal is lightly wounded.
The jackal closely misses you. The jackal barely misses you.
The jackal misses you. The jackal completely misses you.
You closely miss the jackal.
The jackal is lightly wounded.
The jackal completely misses you. The jackal misses you. x3
You hit the jackal but do no damage.
The jackal is lightly wounded.
The jackal bites you but does no damage.
The jackal misses you. The jackal closely misses you. The jackal misses you.
You closely miss the jackal.
The jackal is lightly wounded.
The jackal closely misses you. The jackal barely misses you.
The floating eye gazes piercingly through you!
You suddenly lose the ability to move!
The jackal barely misses you. The jackal bites you.
You die...

############
#__________#
#__________#
#____#####'###########++
######)))#.##...........
#%?(.'.))'.##......#..#.
##########.##...........
#.....h@h...'...........
#'#####h#####......#..#.
#.# #.G#..##...........
#.# +).'..#####'#####++
#.# ####+###.......# ++
#.# #.......# .. #.#
#.......# .. #.#
#...<...# #. #.#
#.......# #


You could see a floating eye and 3 jackals.

Vanquished Creatures
  A kobold (D)
  A quokka (D)
2 creatures vanquished.

Notes
Turn   | Place    | Note
-------+----------+-------------------------------------------
     0 | D        | LORDOFBUTT the Spriggan Enchanter began the quest for the Orb.
     0 | D        | Reached XP level 1. HP: 9/9 MP: 5/5
    10 | D        | Noticed a big kobold
    10 | D        | Noticed a kobold demonologist
    52 | D        | Found a radiant altar of Vehumet.
    52 | D        | Found a hide-covered altar of Uskayaw.
    52 | D        | Found an ancient bone altar of Kikubaaqudgha.
    52 | D        | Found a viscous altar of Jiyva.
    52 | D        | Found a hazy altar of Hepliaklqana.
    53 | D        | Found a bloodstained altar of Trog.
    53 | D        | Found a deep blue altar of Sif Muna.
    53 | D        | Found a sacrificial altar of Ru.
    53 | D        | Found a stormy altar of Qazlal.
    53 | D        | Found an iron altar of Okawaru.
    53 | D        | Found a sparkling altar of Nemelex Xobeh.
    53 | D        | Found an opulent altar of Gozag.
    53 | D        | Found a blossoming altar of Fedhas.
    53 | D        | Found a white marble altar of Elyvilon.
    53 | D        | Found a shadowy altar of Dithmenos.
    53 | D        | Found a snail-covered altar of Cheibriados.
    54 | D        | Found a glowing golden altar of the Shining One.
    54 | D        | Found a glowing silver altar of Zin.
    56 | D        | Found a roughly hewn altar of Beogh.
    56 | D        | Found a burning altar of Makhleb.
    56 | D        | Found a basalt altar of Yredelemnul.
    57 | D        | Found a shattered altar of Ashenzari.
    57 | D        | Found a corrupted altar of Lugonu.
    57 | D        | Found a shimmering altar of Xom.
    62 | D        | Became a worshipper of Dithmenos the Shadowed
    81 | D        | Reached skill level 5 in Stealth
   106 | D        | Noticed a floating eye
   112 | D        | Paralysed by a floating eye for 2 turns
   121 | D        | Paralysed by a floating eye for 4 turns
   130 | D        | Paralysed by a floating eye for 3 turns
   130 | D        | Slain by a jackal

Vault maps used:
D:        pitsprint

Skill      XL: |  1 |
---------------+----+-----
Spellcasting   | 3 |  3.2
Stealth        | 5 |  5.1
Hexes          | 4 |  4.1
Short Blades   | |  1.1
Dodging        | |  3.0

Action                   || total
-------------------------++-------
Melee: Dagger            ||    14
 Stab: Sleeping          ||     2
Armor: Robe              ||    18
Dodge: Dodged            ||    36
